 Dungeon Crawl Stone Soup version 0.32-a0-870-g877066f4b4 (webtiles) character file.

Game seed: 10385146366050371288

3131 nojaa the Fighter (level 10, -2/68 HPs)
             Began as a Kobold Enchanter on Mar 29, 2024.
             Was an Initiate of Dithmenos.
             Slain by a freezing wraith (10 damage)
             ... created by the anger of Yredelemnul
             ... on level 4 of the Dungeon.
             The game lasted 00:53:43 (9043 turns).

nojaa the Fighter (Kobold Enchanter)                Turns: 9043, Time: 00:53:44

Health: -2/68      AC:  8    Str:  6    XL:     10   Next: 14%
Magic:  13/13      EV: 14    Int: 21    God:    Dithmenos [......]
Gold:   33         SH:  0    Dex: 15    Spells: 3/14 levels left

rFire   + . .        w - +2 dagger (protect)
rCold   . . .        (no shield)
rNeg    . . .        b - +0 robe
rPois   .            D - +0 helmet
rElec   .            E - +2 cloak
rCorr   .            H - +0 pair of gloves
SInv    .            q - +0 pair of boots
Will    .....        h - amulet of regeneration
Stlth   ++++         n - ring of protection from fire
HPRegen 1.11/turn    (no ring)
MPRegen 0.13/turn

%: no passive effects
@: about to teleport, immotile, slowed, very slow
A: small, no large weapons, nightstalker 3
a: Renounce Religion


You were on level 4 of the Dungeon.
You worshipped Dithmenos.
Dithmenos was noncommittal.
You visited 2 branches of the dungeon, and saw 8 of its levels.

You collected 501 gold pieces.
You spent 468 gold pieces at shops.

Inventory:

Hand Weapons
 a - a +1 dagger
 f - a +1 short sword of venom
 w - a +2 dagger of protection (weapon)
 y - the +9 hand axe of the Crypt {venom, Fly rPois Int+2}
   (You found it on level 4 of the Dungeon)

   Int+2:     It affects your intelligence (+2).
   rPois:     It protects you from poison.
   Fly:       It grants you flight.
 F - a +1 dagger of chaos
Missiles
 d - 9 boomerangs (quivered)
 g - 2 curare-tipped darts
 i - 5 atropa-tipped darts
 j - 30 poisoned darts
Armour
 b - a +0 robe (worn)
 q - a +0 pair of boots (worn)
 D - a +0 helmet (worn)
 E - a +2 cloak (worn)
 H - a +0 pair of gloves (worn)
Jewellery
 h - an amulet of regeneration (around neck)
 n - a ring of protection from fire (left hand)
 G - an amulet of the acrobat
Wands
 C - a wand of flame (9)
Scrolls
 c - 3 scrolls of blinking
 e - 2 scrolls of amnesia {unknown}
 l - a scroll of butterflies {unknown}
 m - 5 scrolls of immolation
 p - a scroll of noise {unknown}
 r - 4 scrolls of teleportation
 t - 2 scrolls of fear
 u - a scroll of silence {unknown}
 v - a scroll of poison {unknown}
 x - a scroll of torment {unknown}
 z - a scroll of vulnerability
 A - 3 scrolls of fog
 B - a scroll of revelation {unknown}
Potions
 k - 3 potions of attraction
 o - a potion of might
 s - 6 potions of curing


   Skills:
 - Level 10.0 Fighting
 - Level 6.0 Short Blades
 - Level 3.0 Dodging
 - Level 4.0 Stealth
 + Level 2.5 Spellcasting
 + Level 8.5 Hexes
 - Level 3.0 Ice Magic


You had 3 spell levels left.
You knew the following spells:

 Your Spells              Type           Power      Damage    Failure   Level
a - Ensorcelled Hibernat  Hex/Ice        52%        N/A       1%          2
b - Confusing Touch       Hex            38%        N/A       1%          3
c - Tukima's Dance        Hex            38%        N/A       1%          3
d - Dazzling Flash        Conj/Hex       40%        N/A       8%          3

Your spell library contained the following spells:

 Spells                   Type           Power      Damage    Failure   Level
 Fugue of the Fallen      Necr           2%         N/A       38%         3
 Anguish                  Hex/Necr       10%        N/A       24%         4
 Malign Gateway           Summ/Tloc      1%         N/A       100%        7
 Summon Horrible Things   Summ           1%         N/A       100%        8


Dungeon Overview and Level Annotations

Branches:
Dungeon (7/15)             Temple (1/1) D:6

Altars:
Ashenzari
Cheibriados
Dithmenos
Elyvilon
Fedhas
Kikubaaqudgha
Makhleb
Okawaru
Qazlal
Ru
Sif Muna
Trog
Uskayaw
Vehumet
Wu Jian
Xom
Yredelemnul
Zin

Shops:
D:4 ?

Annotations:
D:3 Grinder
D:4 exclusions: ogre and phantom


Innate Abilities, Weirdness & Mutations

You are small and have problems with some larger weapons.
You are completely attuned to the shadows.


Message History

Removed exclusion.
You now have 228 gold pieces (gained 7).
Partly explored, can't reach some items.
Partly explored, can't reach some items.
Search for what [Enter for "positive", or ? for help]? shop You enter the shallow water.
Moving in this stuff is going to be slow.
You see here a +0 flail.
There is an entrance to Reubeyj's Magic Scroll Shoppe here.
c - 3 scrolls of blinking (gained 2) Thank you for shopping at Reubeyj's Magic Scroll Shoppe!
You can access your shopping list by pressing '$'.
Okay, then.
Okay, then.
Unknown command.
Yredelemnul sends servants to punish you.
Yredelemnul binds you in chains! 3 shadows and a freezing wraith come into view.
Okay, then.
You cannot move.
Unknown command.
Okay, then.
As you read the scroll of teleportation, it crumbles to dust.
You feel strangely unstable.
Okay, then.
The shadow slips into darkness.
The shadow flickers and vanishes!
Deactivating autopickup; reactivate with Ctrl-A.
The shadow slips into darkness.
The shadow flickers and vanishes!
The freezing wraith hits you but does no damage.
The freezing wraith hits you! The freezing wraith drains your vigour!
You feel yourself slow down.
The shadow strikes at you from the darkness!
Reactivating autopickup.
The shadow strikes at you from the darkness!
The freezing wraith hits you! The freezing wraith freezes you!!
* * * LOW HITPOINT WARNING * * *
The freezing wraith hits you!
You die...

#####.#.#.###...##.~~~~≈.P.#
#..###......))..P~≈≈P..#
##.#.#.#........~~≈≈≈≈~.#
##.....#..##.##.~~.≈≈P~~.#
#......#.#.####.P~≈≈≈~....
#.......∩..# #....≈≈≈~..#)
#.#....#.#)###...~≈≈≈~..#.
#.###..#.#W.##..~P≈≈≈.~.#.
#.# #..#.@WW....~≈≈P~≈P...
#.# #...##W#..P~~≈≈≈~~~÷)#
#.# #####....~~P~≈P~~~...#
#.# #...~~~~≈≈≈~...###
#.#### ##...)≈≈≈~~~..## #
#....# ###≈~≈~~~~..## #
###### ###≈≈≈≈≈......# #
##≈≈≈≈≈~P~...#.####
##≈≈≈≈≈P...)##(.....


You could see a freezing wraith and 3 shadows.

Vanquished Creatures
  Prince Ribbit (D:6)
  2 sky beasts (D:7)
  2 ice beasts
  4 ogres
  A centaur (D:5)
  2 phantoms (D:4)
  A kobold brigand (D:7)
  2 bullfrogs
  5 scorpions
  5 killer bees (D:5)
  3 howler monkeys
  3 crimson imps (D:7)
  2 bombardier beetles
  2 hounds
  A jelly (D:6)
  A gnoll bouda (D:5)
  A sleepcap (D:7)
  An iguana (D:5)
  2 orc wizards
  Robin (D:3)
  10 gnolls
  9 adders
  A shadow imp (D:5)
  4 dart slugs
  3 ribbon worms
  10 orcs
  4 bats
  4 endoplasms
  2 giant cockroaches
  13 goblins
  12 hobgoblins
  18 kobolds
  6 quokkas
  7 ball pythons
  2 frilled lizards (D:1)
  9 rats
156 creatures vanquished.

Vanquished Creatures (collateral kills)
  2 ogres
  4 wights
  A crimson imp (D:7)
  2 gnolls
  A shadow imp (D:6)
  7 orcs
17 creatures vanquished.

Vanquished Creatures (others)
  3 dancing weapons
3 creatures vanquished.

Grand Total: 176 creatures vanquished

Notes
Turn   | Place    | Note
-------+----------+-------------------------------------------
     0 | D:1      | nojaa the Kobold Enchanter began the quest for the Orb.
     0 | D:1      | Reached XP level 1. HP: 10/10 MP: 3/3
   300 | D:1      | Reached skill level 1 in Fighting
   300 | D:1      | Reached XP level 2. HP: 16/16 MP: 5/5
   303 | D:1      | Learned a level 2 spell: Ensorcelled Hibernation
   632 | D:1      | Reached XP level 3. HP: 20/20 MP: 6/6
   683 | D:1      | Learned a level 3 spell: Confusing Touch
  1474 | D:2      | Reached skill level 1 in Ice Magic
  2296 | D:3      | Reached XP level 4. HP: 25/25 MP: 7/7
  2340 | D:3      | Noticed Robin
  2469 | D:4      | Noticed an ogre
  2493 | D:4      | Noticed a phantom
  2587 | D:4      | Noticed an ogre
  2703 | D:4      | Noticed a phantom
  2782 | D:4      | Noticed an ogre
  3003 | D:3      | Reached XP level 5. HP: 29/29 MP: 8/8
  3036 | D:3      | Learned a level 3 spell: Tukima's Dance
  3274 | D:3      | Found a faded altar of an unknown god.
  3343 | D:3      | Noticed Grinder
  3403 | D:4      | Identified the +9 hand axe of the Crypt {venom, Fly rPois
                  | Int+2}
  3463 | D:4      | Found Reubeyj's Magic Scroll Shoppe.
  3469 | D:4      | Bought a scroll of fear for 52 gold pieces
  3469 | D:4      | Bought a scroll of vulnerability for 52 gold pieces
  3469 | D:4      | Bought a scroll of teleportation for 39 gold pieces
  3469 | D:4      | Bought a scroll of immolation for 52 gold pieces
  3618 | D:4      | Killed an ogre
  3619 | D:4      | Reached skill level 2 in Fighting
  3619 | D:4      | Reached skill level 5 in Hexes
  3619 | D:4      | Reached XP level 6. HP: 35/35 MP: 9/9
  3818 | D:4      | Bought a scroll of fog for 52 gold pieces
  4193 | D:4      | Bought a scroll of identify for 26 gold pieces
  4223 | D:3      | Killed Robin
  4674 | D:4      | Found a hide-covered altar of Uskayaw.
  4769 | D:5      | Entered Level 5 of the Dungeon
  4781 | D:4      | Reached skill level 3 in Fighting
  4781 | D:4      | Reached XP level 7. HP: 23/41 MP: 10/10
  5270 | D:5      | Reached skill level 4 in Fighting
  5272 | D:5      | Reached skill level 5 in Short Blades
  5302 | D:5      | Reached XP level 8. HP: 38/48 MP: 11/11
  5363 | D:5      | Learned a level 3 spell: Dazzling Flash
  5502 | D:5      | Found an ancient bone altar of Kikubaaqudgha.
  5795 | D:5      | Reached skill level 5 in Fighting
  5878 | D:5      | Reached skill level 6 in Fighting
  6184 | D:6      | Reached XP level 9. HP: 56/56 MP: 9/12
  6312 | D:5      | Reached skill level 7 in Fighting
  6711 | D:5      | Found an ancient bone altar of Kikubaaqudgha.
  7156 | D:7      | Reached skill level 8 in Fighting
  7287 | D:7      | Found a shimmering altar of Xom.
  8030 | D:6      | Reached skill level 9 in Fighting
  8406 | D:6      | Found a staircase to the Ecumenical Temple.
  8412 | Temple   | Entered the Ecumenical Temple
  8448 | Temple   | Became a worshipper of Yredelemnul the Fallen
  8484 | Temple   | Fell from the grace of Yredelemnul
  8484 | Temple   | Became a worshipper of Dithmenos the Shadowed
  8534 | D:6      | Reached XP level 10. HP: 66/66 MP: 13/13
  8743 | D:6      | Noticed Prince Ribbit
  8753 | D:6      | Killed Prince Ribbit
  8754 | D:6      | Reached skill level 10 in Fighting
  9038 | D:4      | Bought 2 scrolls of blinking for 195 gold pieces
  9041 | D:4      | Noticed a freezing wraith
  9043 | D:4      | Slain by a freezing wraith

Illustrated notes

Levels and vault maps discovered:
D:1:      evilmike_arrival_rings, layout_loops_ring,
          wander_ebering_terrifying_dragon_lair
D:2:      layout_loops_corners
D:3:      layout_rooms, dreamdust_ecumenical_altar_hidden_monk_grotto,
          saegor_snake_ambush, uniq_robin, uniq_grinder
D:4:      layout_loops_ring, lemuel_coloured_pillars_altar, serial_shops,
          nicolae_shop_crystal, chequers_big_river, st_stairs_11,
          minmay_misc_feat_nine_boxes
D:5:      layout_rooms, nicolae_overflow_hidden_temple
D:6:      layout_loops_ring, minmay_temple_entry_sparse_star,
          uniq_prince_ribbit1
D:7:      layout_basic, led_xom_imps
Temple:   bh_familiar_temple

Skill      XL: |  1  2  3  4  5  6  7  8  9 10 |
---------------+-------------------------------+-----
Fighting       | 1 2 3 4 6 9 10 | 10.0
Short Blades   | 2 5 6 |  6.0
Dodging        | 3 |  3.0
Ice Magic      | 1 2 3 |  3.0
Hexes          | 4 5 6 8 |  8.5
Stealth        | |  4.0
Spellcasting   | |  2.5

Action                     |  1- 3 |  4- 6 |  7- 9 | 10-12 || total
---------------------------+-------+-------+-------+-------++-------
  Melee: Dagger            |    40 |    83 |   122 |    30 ||   275
         Short sword       |    43 |    53 |       |       ||    96
         Hand axe          |       |    19 |    65 |     3 ||    87
  Throw: Boomerang         |       |     2 |       |       ||     2
   Cast: Tukima's Dance    |       |     9 |    21 |     1 ||    31
         Ensorcelled Hiber |       |     2 |    19 |       ||    21
         Confusing Touch   |       |       |    11 |     2 ||    13
  Evoke: Wand              |       |       |     2 |       ||     2
    Use: Potion            |     1 |     1 |     2 |       ||     4
         Scroll            |       |     5 |     1 |     1 ||     7
   Stab: Sleeping          |    21 |    12 |    20 |     3 ||    56
         Invisible         |     1 |       |       |       ||     1
         Distracted        |       |     2 |     1 |     1 ||     4
         Confused          |       |       |     8 |     1 ||     9
 Armour: Robe              |    28 |    72 |    90 |    20 ||   210
  Dodge: Dodged            |    40 |    97 |   137 |    18 ||   292

Table legend: (Time is in decaauts)
 A = Elapsed time spent in this place.
 B = Non-inter-level travel time spent in this place.
 C = Inter-level travel time spent in this place.
 D = Time resting spent in this place.
 E = Time spent auto-exploring this place.
 F = Levels seen in this place.
 G = Mean time per level.
                   A        B        C        D        E       F      G
               +--------+--------+--------+--------+--------+-----+--------+
         Total |   8972 |   8061 |    911 |    804 |   5634 |   8 | 1121.5 |
       Dungeon |   8858 |   8057 |    801 |    804 |   5634 |   7 | 1265.4 |
        Temple |    113 |      3 |    110 |      0 |      0 |   1 |  113.0 |
               +--------+--------+--------+--------+--------+-----+--------+

Top non-repeatable levels by time:
     D:4: 1918 daAuts
     D:5: 1525 daAuts
     D:2: 1346 daAuts
     D:7: 1121 daAuts
     D:1: 1060 daAuts
     D:3: 1001 daAuts
     D:6: 884 daAuts
  Temple: 113 daAuts
